 Dungeon Sprint DCSS version 0.21.1-1-g345015f (webtiles) character file.

1103 Fang the Cleaver (level 8, -1/90 HPs)
             Began as a Gargoyle Berserker on July 13, 2018.
             Was the Champion of Trog.
             Slain by an eight-headed hydra (4 damage)
             ... in the Dungeon (Sprint VII: "The Pits") on July 15, 2018.
             The game lasted 00:07:37 (1097 turns).

Fang the Cleaver (Gargoyle Berserker)               Turns: 1097, Time: 00:07:38

Health: -1/90      AC:  8    Str: 28    XL:     8   Next: 32%
Magic:  8/8        EV: 14    Int:  8    God:    Trog [******]
Gold:   0          SH:  0    Dex:  9    Spells: 7/7 levels left

rFire    . . .     SeeInvis .   r - +7 Screaming Sword
rCold    . . .     Gourm    .   (no shield)
rNeg     + . .     Faith    .   b - +0 animal skin
rPois    ∞         Spirit   .   (no helmet)
rElec    +         Reflect  .   (no cloak)
rCorr    .         Harm     .   (no gloves)
MR       .....     NoTele   +   (no boots)
Stlth    ..........             (no amulet)
HPRegen  0.25/turn              (no ring)
MPRegen  0.11/turn              (no ring)

@: berserking, very quick
A: negative energy resistance 1, electricity resistance, unbreathing,
petrification resistance, rot immunity, AC +5
a: Berserk, Trog's Hand, Brothers in Arms, Burn Spellbooks, Renounce Religion


You were in the Dungeon.
You worshipped Trog.
Trog was exalted by your worship.
You were very hungry.

You visited 1 branch

Inventory:

Hand Weapons
 n - a +2 hand axe of freezing
 r - the +7 Screaming Sword (weapon)
   (You found it in the Dungeon)
Missiles
 a - 4 silver tomahawks
 m - 6 tomahawks of dispersal (quivered)
Armour
 b - a +0 animal skin (worn)
Jewellery
 o - a +3 ring of dexterity
 q - a +3 ring of strength
Scrolls
 i - a scroll of blinking
 k - 3 scrolls of remove curse
 l - a scroll of summoning
Potions
 d - 7 potions of curing
 e - 10 potions of heal wounds
 f - 3 potions of haste
 g - 4 potions of magic
 h - 4 potions of berserk rage
 j - 2 potions of invisibility
 p - a potion of might
Comestibles
 c - 9 rations


   Skills:
 + Level 11.2 Fighting
 + Level 0.1 Long Blades
 + Level 11.5 Axes
 + Level 4.9 Armour
 + Level 6.1 Dodging


You had 7 spell levels left.
You didn't know any spells.

Dungeon Overview and Level Annotations

Branches:
Dungeon (1/1)

Altars:
Cheibriados
Dithmenos
Elyvilon
Fedhas
Gozag
Hepliaklqana
Makhleb
Nemelex Xobeh
Okawaru
Qazlal
Ru
Sif Muna
Trog
Vehumet
Wu Jian
Xom
Yredelemnul
Zin
The Shining One
Beogh
Jiyva
Lugonu


Innate Abilities, Weirdness & Mutations

You are resistant to torment.
Your stone body is resilient. (AC +5)
You are immune to poison.
You resist negative energy. (rN+)
You are resistant to electric shocks. (rElec)
You can survive without breathing.
You are immune to petrification.
You are immune to rotting.


Message History

* * * LOW HITPOINT WARNING * * *
The eight-headed hydra bites you but does no damage.
A scorpion comes into view.
Unknown command.
You slash the wyvern!
The wyvern is heavily wounded.
The wyvern bites you but does no damage.
The quasit bites you but does no damage.
The quasit barely misses you.
The quasit claws you but does no damage.
The red devil hits you from afar with a trident.
* * * LOW HITPOINT WARNING * * *
The eight-headed hydra barely misses you.
You riposte.
You slash the eight-headed hydra!
The eight-headed hydra is heavily wounded.
The eight-headed hydra closely misses you.
The eight-headed hydra bites you.
* * * LOW HITPOINT WARNING * * *
The eight-headed hydra bites you.
You die...

[[##................#
))#####'#####''######
))##.......##÷†### ###
))##.......##....##..+
..##.......##...##...#
'###...<...##..##...#
..##.......##..#.4.#
..##.......##..'..#
####.......##.##@5# ..
############Dls'g....
.###########
#....#....#
.#....#..[[##..#.T#
..##
'#....#..[[##.###.. .+
.'....'...)### #.. #
)#....#!.))# ..
.#....#..))# ..#
############


You could see an eight-headed hydra, a deep troll, a red devil, a wyvern, a
scorpion, a quasit and a gnoll.

Vanquished Creatures
  An efreet (D)
  A fire bat (D)
  A soldier ant (D)
  A floating eye (D)
  A swamp drake (D)
  A black bear (D)
  3 killer bees (D)
  A jelly (D)
  A quasit (D)
  An iron imp (D)
  2 worker ants (D)
  A mummy (D)
  A gnoll (D)
  A river rat (D)
  An ufetubus (D)
  An ooze (D)
  A ball python (D)
  2 giant cockroaches (D)
  3 goblins (D)
  2 quokkas (D)
  A bat (D)
  A kobold (D)
  A leopard gecko zombie (D)
30 creatures vanquished.

Notes
Turn   | Place    | Note
-------+----------+-------------------------------------------
     0 | D        | Fang the Gargoyle Berserker began the quest for the Orb.
     0 | D        | Reached XP level 1. HP: 14/14 MP: 1/1
    69 | D        | Found a bloodstained altar of Trog.
    69 | D        | Found a deep blue altar of Sif Muna.
    69 | D        | Found a viscous altar of Jiyva.
    69 | D        | Found a hazy altar of Hepliaklqana.
    69 | D        | Found an opulent altar of Gozag.
    70 | D        | Found a glowing golden altar of the Shining One.
    70 | D        | Found a glowing silver altar of Zin.
    70 | D        | Found a basalt altar of Yredelemnul.
    70 | D        | Found a shimmering altar of Xom.
    70 | D        | Found an ornate altar of the Wu Jian Council.
    70 | D        | Found a sacrificial altar of Ru.
    70 | D        | Found a stormy altar of Qazlal.
    70 | D        | Found an iron altar of Okawaru.
    70 | D        | Found a sparkling altar of Nemelex Xobeh.
    70 | D        | Found a burning altar of Makhleb.
    70 | D        | Found a blossoming altar of Fedhas.
    70 | D        | Found a white marble altar of Elyvilon.
    70 | D        | Found a shadowy altar of Dithmenos.
    70 | D        | Found a snail-covered altar of Cheibriados.
    73 | D        | Found a corrupted altar of Lugonu.
    73 | D        | Found a radiant altar of Vehumet.
    73 | D        | Found a roughly hewn altar of Beogh.
   123 | D        | Reached XP level 2. HP: 18/20 MP: 2/2
   127 | D        | Reached ** piety under Trog
   236 | D        | Reached skill level 5 in Fighting
   236 | D        | Reached XP level 3. HP: 26/26 MP: 3/3
   330 | D        | Reached *** piety under Trog
   330 | D        | Reached skill level 5 in Axes
   330 | D        | Reached XP level 4. HP: 32/32 MP: 4/4
   391 | D        | Noticed a floating eye
   395 | D        | Paralysed by a floating eye for 3 turns
   399 | D        | Reached **** piety under Trog
   400 | D        | Killed a floating eye
   400 | D        | Reached XP level 5. HP: 39/40 MP: 5/5
   512 | D        | Reached ***** piety under Trog
   512 | D        | Reached XP level 6. HP: 39/45 MP: 6/6
   552 | D        | Noticed an efreet
   558 | D        | Killed an efreet
   558 | D        | Reached XP level 7. HP: 30/52 MP: 7/7
   736 | D        | Noticed a fire bat
   742 | D        | Reached skill level 10 in Fighting
   742 | D        | Reached skill level 5 in Dodging
   748 | D        | Killed a fire bat
   748 | D        | Reached skill level 10 in Axes
   752 | D        | Received a gift from Trog
   809 | D        | Noticed a soldier ant
   816 | D        | Killed a soldier ant
   816 | D        | Reached XP level 8. HP: 59/59 MP: 8/8
   910 | D        | Found the +7 Singing Sword
  1045 | D        | Received a gift from Trog
  1048 | D        | Reached ****** piety under Trog
  1090 | D        | Noticed a red devil
  1092 | D        | Noticed a seven-headed hydra
  1092 | D        | Noticed a wyvern
  1094 | D        | Noticed a deep troll
  1097 | D        | HP: 3/90 [eight-headed hydra (4)]
  1097 | D        | Slain by an eight-headed hydra

Skill      XL: |  1  2  3  4  5  6  7  8 |
---------------+-------------------------+-----
Fighting       | 4 5 6 8 9 10 11 | 11.2
Axes           | 3 4 5 7 9 11 | 11.5
Dodging        | 2 3 4 5 6 |  6.1
Armour         | 3 4 |  4.9
Long Blades    | |  0.1

Action                   |  1- 3 |  4- 6 |  7- 9 || total
-------------------------+-------+-------+-------++-------
Melee: Hand axe          |    23 |    20 |    25 ||    68
       Double sword      |       |       |    11 ||    11
Invok: Berserk           |     1 |     2 |     4 ||     7
  Eat: Chunk             |       |       |     5 ||     5
Armor: Animal skin       |    15 |     5 |    23 ||    43
Dodge: Dodged            |    19 |     6 |    34 ||    59
       Rpst.: Double sword |       |       |     5 ||     5
